 Dungeon Crawl Stone Soup version 0.26-a0-542-gbaa144ba5c (webtiles) character file.

Game seed: 17257749395747677182

203 Notrik the Skirmisher (level 5, 0/51 HPs)
             Began as a Minotaur Fighter on Aug 18, 2020.
             Killed from afar by an orc wizard (9 damage)
             ... with a puff of frost
             ... on level 3 of the Dungeon.
             The game lasted 00:04:06 (1683 turns).

Notrik the Skirmisher (Minotaur Fighter)            Turns: 1683, Time: 00:04:06

Health: 0/51       AC:  6    Str: 22    XL:     5   Next: 51%
Magic:  4/4        EV: 10    Int:  5    God:
Gold:   134        SH:  0    Dex:  9    Spells: 4/4 levels left

rFire    . . .     SeeInvis .   b - +2 halberd (flame)
rCold    . . .     Faith    .   (shield currently unavailable)
rNeg     . . .     Spirit   .   i - +0 ring mail {MR+}
rPois    .         Reflect  .   (helmet restricted)
rElec    .         Harm     .   (no cloak)
rCorr    .                      (no gloves)
MR       +....                  f - +0 pair of boots
Stlth    ..........             (no amulet)
HPRegen  0.17/turn              (no ring)
MPRegen  0.09/turn              (no ring)

@: lightly drained
A: retaliatory headbutt, horns 2
a: no special abilities


You were on level 3 of the Dungeon.
You visited 1 branch of the dungeon, and saw 3 of its levels.

You collected 134 gold pieces.

Inventory:

Hand Weapons
 a - a +0 war axe
 b - a +2 halberd of flaming (weapon)
   (You took it off a gnoll on level 2 of the Dungeon)
Armour
 c - a +0 kite shield
 f - a +0 pair of boots (worn)
   (You found it on level 1 of the Dungeon)
 i - a +0 ring mail of magic resistance (worn)
   (You took it off Terence on level 2 of the Dungeon)
Scrolls
 e - a scroll of immolation {unknown}
 g - a scroll of teleportation {unknown}
 j - a scroll of random uselessness {unknown}
 k - a scroll of remove curse {unknown}
 l - a scroll of fear {unknown}
Potions
 d - a potion of might
 h - 2 potions of mutation {unknown}


   Skills:
 * Level 6.8(6.7) Fighting
 - Level 4.0(3.9) Axes
 - Level 3.6(3.5) Armour
 - Level 3.6(3.5) Shields


You had 4 spell levels left.
You didn't know any spells.
Your spell library contained the following spells:

 Spells                   Type           Power        Failure   Level
 Magic Dart               Conj           #...         63%         1
 Searing Ray              Conj           #.....       77%         2
 Dazzling Flash           Conj/Hex       #.....       94%         3
 Fulminant Prism          Conj/Hex       #.........   100%        4
 Iskenderun's Mystic Bla  Conj/Tloc      #.......     100%        4


Dungeon Overview and Level Annotations

Branches:
Dungeon (3/15)

Altars:
Cheibriados
Okawaru


Innate Abilities, Weirdness & Mutations

You reflexively headbutt those who attack you in melee.
You have a pair of horns on your head.


Message History

The orc wizard casts a cantrip, but nothing happens.
You slash the orc! You burn the orc.
You kill the orc!
The orc wizard closely misses you. The gnoll closely misses you.
The orc wizard mumbles some strange words.
The orc wizard blinks!
You reach to attack!
You puncture the gnoll! You burn the gnoll.
You kill the gnoll!
You hit the adder. You burn the adder. Your headbutt misses the adder.
The adder barely misses you. The orc wizard casts a spell at you.
The magic dart hits you. The adder bites you.
You are poisoned.
The adder poisons you!
You puncture the adder! You burn the adder.
You kill the adder!
You feel sick.
The orc wizard hits you with a +0 dagger.
* * * LOW HITPOINT WARNING * * *
The orc wizard barely misses you. You furiously retaliate!
You headbutt the orc wizard.
You feel sick.
The orc wizard gestures at you while chanting.
The magic dart hits you.
* * * LOW HITPOINT WARNING * * *
You feel sick.
The orc wizard gestures at you while chanting.
The magic dart hits you.
* * * LOW HITPOINT WARNING * * *
You see here 27 stones.
You feel sick.
The orc wizard casts a spell.
The orc wizard seems to speed up.
The orc wizard gestures at you while chanting.
You resist with almost no effort.
You feel sick.
You see here an adder corpse.
You feel sick.
You feel sick.
You are no longer poisoned.
You see here a +0 dagger.
The orc wizard gestures at you while chanting.
The magic dart hits you.
* * * LOW HITPOINT WARNING * * *
The orc wizard points at you and mumbles some strange words.
The magic dart hits you.
* * * LOW HITPOINT WARNING * * *
The orc wizard casts a spell at you. The puff of frost hits you!
You die...

#.###.# ##.#### ##.#
#.# ....... #..# #.#
#..† #.#.###.# #.##
###.###)##.## #. #.#
..# ##.o..# #.# #.#
###.###.##..# #.# ##.##
#.#.###..###.## #....
#.##
#.@##...#######..## #.#
#.....#..........# #.#
##..##...#######..#
#.###.................#
#.....................#
#####...####.#######.##
##### #.# #.# #.# #.#
#.# #..


You could see an orc wizard (fast).

Vanquished Creatures
  A gnoll shaman (D:2)
  Terence (D:2)
  7 gnolls
  4 adders (D:3)
  A dart slug (D:2)
  2 leopard geckos
  5 orcs (D:3)
  3 giant cockroaches
  6 goblins
  3 hobgoblins (D:1)
  2 jackals (D:3)
  2 bats
  2 frilled lizards
  3 kobolds
  3 rats
45 creatures vanquished.

Notes
Turn   | Place    | Note
-------+----------+-------------------------------------------
     0 | D:1      | Notrik the Minotaur Fighter began the quest for the Orb.
     0 | D:1      | Reached XP level 1. HP: 19/19 MP: 0/0
   258 | D:1      | Reached skill level 4 in Fighting
   299 | D:1      | Reached XP level 2. HP: 27/27 MP: 1/1
   413 | D:1      | You fall into a shaft and drop 1 floor!
   430 | D:2      | Found a snail-covered altar of Cheibriados.
   573 | D:2      | Reached XP level 3. HP: 19/34 MP: 2/2
   584 | D:2      | HP: 1/35 [gnoll/+0 spear (1)]
   912 | D:2      | Reached skill level 5 in Fighting
   912 | D:2      | Reached XP level 4. HP: 33/42 MP: 3/3
  1133 | D:2      | Noticed Terence
  1146 | D:2      | Killed Terence
  1346 | D:2      | Found an iron altar of Okawaru.
  1450 | D:3      | Reached skill level 6 in Fighting
  1475 | D:3      | Reached XP level 5. HP: 43/50 MP: 4/4
  1683 | D:3      | Killed from afar by an orc wizard

Illustrated notes

Levels and vault maps discovered:
D:1:      mrwooster_arrival_arrow, layout_loops_corners
D:2:      layout_rooms, kennysheep_slug_shrine, okawaru_ov_weapons_minmay,
          uniq_terence
D:3:      layout_loops_ring, gammafunk_ghost_mausoleum

Skill      XL: |  1  2  3  4 |
---------------+-------------+-----
Fighting       | 4 5 6 |  6.8
Axes           | 3 4 |  4.0
Armour         | |  3.6
Shields        | |  3.6

Action                   |  1- 3 |  4- 6 || total
-------------------------+-------+-------++-------
Melee: War axe           |    47 |    17 ||    64
       Headbutt          |     9 |     9 ||    18
       Halberd           |       |    42 ||    42
  Use: Potion            |     1 |       ||     1
Armor: Scale mail        |    16 |     4 ||    20
       Ring mail         |       |    11 ||    11
Dodge: Dodged            |     8 |    28 ||    36
Block: Kite shield       |    27 |     9 ||    36

Table legend: (Time is in decaauts)
 A = Elapsed time spent in this place.
 B = Non-inter-level travel time spent in this place.
 C = Inter-level travel time spent in this place.
 D = Time resting spent in this place.
 E = Time spent auto-exploring this place.
 F = Levels seen in this place.
 G = Mean time per level.
                   A        B        C        D        E       F      G
               +--------+--------+--------+--------+--------+-----+--------+
         Total |   1718 |   1686 |     32 |    481 |    856 |   3 |  572.7 |
       Dungeon |   1718 |   1686 |     32 |    481 |    856 |   3 |  572.7 |
               +--------+--------+--------+--------+--------+-----+--------+

Top non-repeatable levels by time:
     D:2: 729 daAuts
     D:1: 724 daAuts
     D:3: 265 daAuts
